 Dungeon Crawl Stone Soup version 0.25-a0-822-g6581751b11 (webtiles) character file.

Game seed: 16970418091963799202, levelgen mode: deterministic

153 kae the Ruffian (level 5, 0/40 HPs)
             Began as a Draconian Transmuter on Apr 20, 2020.
             Succumbed to kobold's curare-tipped dart
             ... on level 3 of the Dungeon.
             The game lasted 00:02:42 (3259 turns).

kae the Ruffian (Draconian Transmuter)              Turns: 3259, Time: 00:02:42

Health: 0/40       AC:  5    Str: 14      XL:     5   Next: 12%
Magic:  9/9        EV: 12    Int: 12 (13) God:
Gold:   119        SH:  0    Dex: 10 (11) Spells: 4/10 levels left

rFire    . . .     SeeInvis .   b - +0 hand axe
rCold    . . .     Gourm    .   (no shield)
rNeg     . . .     Faith    .   (armour unavailable)
rPois    .         Spirit   .   (helmet restricted)
rElec    .         Reflect  .   (no cloak)
rCorr    .         Harm     .   (no gloves)
MR       .....                  (no boots)
Stlth    +.........             (no amulet)
HPRegen  0.13/turn              (no ring)
MPRegen  0.11/turn              (no ring)

@: lethally poisoned (0 -> -4), very slightly contaminated
A: unfitting armour, cold-blooded, AC +5
a: no special abilities


You were on level 3 of the Dungeon.
You were not hungry.

You visited 1 branch of the dungeon, and saw 3 of its levels.

You collected 119 gold pieces.

Inventory:

Hand Weapons
 b - a +0 hand axe (weapon)
Missiles
 a - 17 arrows
Scrolls
 g - 2 scrolls of amnesia {unknown}
 h - a scroll of noise {unknown}
 i - a scroll of fear {unknown}
Comestibles
 c - 6 rations


   Skills:
 - Level 1.1 Fighting
 - Level 1.7 Dodging
 * Level 4.6 Unarmed Combat
 + Level 3.0 Spellcasting
 + Level 3.1 Transmutations


You had 4 spell levels left.
You knew the following spells:

 Your Spells              Type           Power        Failure   Level  Hunger
a - Beastly Appendage     Tmut           #.....       7%          1    #......
b - Sticks to Snakes      Tmut           #.......     11%         2    ###....
c - Spider Form           Tmut/Pois      #.........   36%         3    ###....

Your spell library contained the following spells:

 Spells                   Type           Power        Failure   Level  Hunger
 Magic Dart               Conj           #...         24%         1    #......
 Ice Form                 Ice/Tmut       #.......     77%         4    #####..
 Blade Hands              Tmut           #.........   88%         5    ######.


Dungeon Overview and Level Annotations

Branches:
Dungeon (3/15)

Altars:
Kikubaaqudgha
Nemelex Xobeh
Sif Muna
Vehumet


Innate Abilities, Weirdness & Mutations

Your plain brown scales are hard. (AC +5)
You cannot fit into any form of body armour.
You are cold-blooded and may be slowed by cold attacks.


Message History

The worm is moderately wounded.
You barely miss the kobold.
You feel sick. The kobold closely misses you. The worm bites you.
* * * LOW HITPOINT WARNING * * *
The kobold barely misses you.
You feel yourself speed up.
* * * LOW HITPOINT WARNING * * *
You feel sick. The worm bites you but does no damage.
Things that are here:
2 curare-tipped darts; a poisoned dart
* * * LOW HITPOINT WARNING * * *
You feel sick.
You see here a poisoned dart.
You hit the kobold.
You kill the kobold!
You flicker back into view.
You aren't carrying any potions.
* * * LOW HITPOINT WARNING * * *
You feel sick.
You die...

..(. ##.###.#.#.#
#.##### ....
..........#.#.#
#...... ###. #..
##..#.## ####### #
#.. ##.#....##### .#
###.. ##.###.......#
... .... #.##
#...###.# (..
..###..## ##.###..##
.. ......?†#
#..#...#
###.#(####@#.####
#.....(w...#.#
#.#######..#.####
#..#....#
#).####.####
#..#.......#
#.##.<.....#
#.##.......#
#######............#


You could see a worm.

Vanquished Creatures
  An orc wizard (D:3)
  3 adders
  An ooze (D:1)
  2 worms (D:2)
  2 dart slugs
  2 leopard geckos
  3 orcs (D:3)
  7 bats
  4 giant cockroaches
  5 goblins
  7 hobgoblins
  3 jackals (D:3)
  11 kobolds
  3 quokkas
  2 ball pythons
  5 frilled lizards
  5 rats
66 creatures vanquished.

Vanquished Creatures (collateral kills)
  Jessica (D:2)
1 creature vanquished.

Grand Total: 67 creatures vanquished

Notes
Turn   | Place    | Note
-------+----------+-------------------------------------------
     0 | D:1      | kae the Draconian Transmuter began the quest for the Orb.
     0 | D:1      | Reached XP level 1. HP: 16/16 MP: 3/3
   551 | D:1      | Reached XP level 2. HP: 18/23 MP: 3/5
   557 | D:1      | Learned a level 2 spell: Sticks to Snakes
  1293 | D:2      | Reached XP level 3. HP: 28/28 MP: 4/6
  1510 | D:2      | Found a sparkling altar of Nemelex Xobeh.
  1510 | D:2      | Noticed Jessica
  1516 | D:2      | Killed Jessica
  1588 | D:2      | Reached skill level 4 in Unarmed Combat
  1799 | D:2      | Learned a level 3 spell: Spider Form
  2015 | D:2      | Reached XP level 4. HP: 29/35 MP: 7/7
  2308 | D:2      | Found a shimmering blue altar of Sif Muna.
  2308 | D:2      | Found an ancient bone altar of Kikubaaqudgha.
  2310 | D:2      | Found a radiant altar of Vehumet.
  2316 | D:2      | Identified Vehumet's Reference Book on Conjuration
  3054 | D:3      | Reached XP level 5. HP: 25/40 MP: 5/9
  3254 | D:3      | HP: 2/40 [poisoned by kobold (curare-tipped dart)]
  3259 | D:3      | Succumbed to kobold's curare-tipped dart

Levels and vault maps discovered:
D:1:      minmay_arrival_semitransparent, layout_basic, minmay_tetromino_l4
D:2:      layout_rooms, grunt_temple_overflow_magic_moments,
          nemelex_lonely_heart_becter
D:3:      layout_loops_ring, first_ration, chequers_mini_garden,
          chequers_serial_rivers_micro_e

Skill      XL: |  1  2  3  4  5 |
---------------+----------------+-----
Unarmed Combat | 4 |  4.6
Transmutations | 3 |  3.1
Spellcasting   | 3 |  3.0
Fighting       | |  1.1
Dodging        | |  1.7

Action                   |  1- 3 |  4- 6 || total
-------------------------+-------+-------++-------
Melee: Unarmed           |    16 |    12 ||    28
       Hand axe          |   108 |   119 ||   227
       Tailslap          |    12 |    10 ||    22
       Kick              |     5 |     2 ||     7
       Headbutt          |     8 |     5 ||    13
 Cast: Beastly Appendage |    15 |    18 ||    33
       Sticks to Snakes  |     1 |       ||     1
       Spider Form       |       |     3 ||     3
  Use: Potion            |     4 |     2 ||     6
       Scroll            |     3 |       ||     3
 Stab: Sleeping          |     1 |       ||     1
  Eat: Chunk             |     4 |     5 ||     9
Armor: Skin              |    34 |    47 ||    81
Dodge: Dodged            |    92 |   137 ||   229

Table legend:
 A = Non-vault XP
 B = Vault XP
 C = Vault XP percentage of total XP
 D = Non-vault monster count
 E = Vault monster count
 F = Vault count percentage of total count
                 A         B        C        D         E       F
            +---------+---------+-------+---------+---------+-------
      Total |     186 |      33 |  15.1 |      62 |       5 |   7.5
            +---------+---------+-------+---------+---------+-------
        D:1 |      24 |      14 |  36.8 |      14 |       4 |  22.2
        D:2 |      53 |      19 |  26.4 |      21 |       1 |   4.5
        D:3 |     109 |       0 |   0.0 |      27 |       0 |   0.0
            +---------+---------+-------+---------+---------+-------
